 Dungeon Crawl Stone Soup version 0.18.1-5-g4a78601 (webtiles) character file.

431 jacquesderrida the Poker (level 7, -2/35 HPs)
             Began as a Vine Stalker Skald on May 10, 2016.
             Slain by a water moccasin (7 damage)
             ... on level 5 of the Dungeon.
             The game lasted 00:05:55 (2161 turns).

jacquesderrida the Poker (Vine Stalker Skald)       Turns: 2161, Time: 00:05:56

Health: -2/35      AC:  3    Str: 15    XL:     7   Next: 0%
Magic:  0/11       EV: 11    Int: 14    God:
Gold:   182        SH:  0    Dex: 13    Spells: 2 memorised, 6 levels left

rFire  . . .     SeeInvis .     a - +0 spear
rCold  . . .     Gourm    .     b - +0 leather armour
rNeg   . . .     Faith    .     (no shield)
rPois  .         Spirit   +     (no helmet)
rElec  .         Dismiss  .     (no cloak)
rCorr  .         Reflect  .     (no gloves)
SustAt .         Harm     .     (no boots)
MR     .....                    (no amulet)
Stlth  +.........               (no ring)
                                (no ring)

@: lethally poisoned (-2 -> -10), not resistant to hostile enchantments, very
unstealthy
A: fangs 2, regeneration 2, magic shield, antimagic bite, no device heal 3, rot
immunity
a: no special abilities


You were on level 5 of the Dungeon.
You were not hungry.

You visited 1 branch of the dungeon, and saw 5 of its levels.
You also visited: Sewer.

You collected 182 gold pieces.

Inventory:

Hand Weapons
 a - a +0 spear (weapon)
Armour
 b - a +0 leather armour (worn)
 l - a cursed +0 ring mail
 u - a +2 buckler
 x - a +1 robe of magic resistance
Jewellery
 h - an uncursed ring of ice
Scrolls
 g - a scroll of immolation {unknown}
 j - 3 scrolls of blinking {unknown}
 k - a scroll of identify {unknown}
 n - 2 scrolls of recharging {unknown}
 o - 3 scrolls of teleportation {unknown}
 p - 6 scrolls of remove curse {unknown}
 s - 2 scrolls of fear {unknown}
 y - a scroll of enchant armour {unknown}
 z - a scroll of noise {unknown}
Potions
 e - a potion of mutation {unknown}
 f - 2 potions of lignification {unknown}
 i - a potion of ambrosia {unknown}
 m - a potion of cure mutation {unknown}
 q - 2 potions of flight {unknown}
 r - a potion of heal wounds {unknown}
 t - a potion of haste {unknown}
 w - 2 potions of invisibility {unknown}
 A - a potion of cancellation {unknown}
Books
 c - a book of Battle

   Spells                             Type                      Level
   a - Infusion                       Charms                       1
   b - Shroud of Golubria             Charms/Translocation         2
   c - Song of Slaying                Charms                       2
   d - Spectral Weapon                Hexes/Charms                 3
   e - Regeneration                   Charms/Necromancy            3
Comestibles
 d - 5 bread rations
 v - a chunk of flesh


   Skills:
 + Level 2.9 Fighting
 + Level 5.2 Polearms
 - Level 0.7 Armour
 - Level 0.7 Dodging
 - Level 2.1 Spellcasting
 - Level 3.1 Hexes
 - Level 3.0 Charms


You had 6 spell levels left.
You knew the following spells:

 Your Spells              Type           Power        Failure   Level  Hunger
a - Infusion              Chrm           #...         10%         1    #......
b - Spectral Weapon       Hex/Chrm       ##......     24%         3    ###....


Dungeon Overview and Level Annotations

Branches:
Dungeon (5/15)
 Temple: D:4-7

Altars:
Cheibriados
Kikubaaqudgha


Innate Abilities, Weirdness & Mutations

You have extremely sharp teeth.
You heal very quickly.
When hurt, damage is shared between your health and your magic reserves.
Your bite disrupts and absorbs the magic of your enemies.
Potions and wands cannot restore your health.
You are immune to rotting.


Message History

The water moccasin is heavily wounded.
You feel sick.
Your spectral weapon hits the water moccasin.
The water moccasin bites you!
* * * LOW HITPOINT WARNING * * *
You completely miss the water moccasin. Your bite misses the water moccasin.
The water moccasin is severely wounded.
* * * LOW HITPOINT WARNING * * *
You feel sick.
Your spectral weapon completely misses the water moccasin.
The water moccasin bites you.
* * * LOW HITPOINT WARNING * * *
You hit the water moccasin.
You bite the water moccasin, but do no damage.
The water moccasin is severely wounded.
* * * LOW HITPOINT WARNING * * *
You feel sick.
Your spectral weapon barely misses the water moccasin.
The water moccasin bites you!
You die...

. .. ... .... #....
#.....#######
#......@....########
#......S...........#
#......(...........#
#..................#
#..................#
#.................##
#.................#
#............†)...#
...............#


You could see a water moccasin and a friendly spectral spear.

Vanquished Creatures
  A phantom (D:4)
  A big kobold (Sewer)
  A crimson imp (D:5)
  A centaur skeleton (D:4)
  A giant frog skeleton (D:4)
  A hound skeleton (D:4)
  6 adders
  A river rat (Sewer)
  3 oozes (Sewer)
  A dart slug (D:1)
  2 worms
  A giant gecko (D:2)
  9 orcs
  2 giant cockroaches (D:1)
  3 goblins
  6 hobgoblins
  10 jackals
  2 quokkas
  4 ball pythons
  5 bats
  8 giant newts
  9 kobolds
  14 rats
92 creatures vanquished.

Notes
Turn   | Place    | Note
--------------------------------------------------------------
     0 | D:1      | jacquesderrida the Vine Stalker Skald began the quest for the Orb.
     0 | D:1      | Reached XP level 1. HP: 11/11 MP: 4/4
    44 | D:1      | Reached skill level 2 in Polearms
   180 | D:1      | Reached XP level 2. HP: 15/15 MP: 6/6
   295 | D:1      | Reached skill level 3 in Polearms
   327 | D:2      | Reached XP level 3. HP: 12/18 MP: 3/7
   334 | D:2      | Learned a level 3 spell: Spectral Weapon
   471 | D:2      | Found a snail-covered altar of Cheibriados.
   547 | D:2      | Reached skill level 1 in Hexes
   867 | D:3      | Reached XP level 4. HP: 23/23 MP: 8/8
  1265 | D:3      | Found a glowing drain.
  1270 | Sewer    | Entered a sewer
  1320 | Sewer    | Noticed a big kobold
  1331 | Sewer    | Killed a big kobold
  1331 | Sewer    | Reached skill level 4 in Polearms
  1331 | Sewer    | Reached XP level 5. HP: 18/26 MP: 9/9
  1665 | D:4      | Gained mutation: You heal very quickly. [Vine Stalker growth]
  1665 | D:4      | Reached XP level 6. HP: 15/30 MP: 10/10
  1678 | D:4      | Found an ancient bone altar of Kikubaaqudgha.
  1699 | D:4      | Noticed a phantom
  1721 | D:4      | Killed a phantom
  1802 | D:4      | Reached skill level 5 in Polearms
  2017 | D:5      | Entered Level 5 of the Dungeon
  2136 | D:5      | Reached XP level 7. HP: 34/35 MP: 8/11
  2161 | D:5      | Slain by a water moccasin

Skill      XL: |  1  2  3  4  5  6 |
---------------+-------------------+-----
Polearms       | 2 3 4 5 |  5.2
Hexes          | 1 2 3 |  3.1
Fighting       | 2 |  2.9
Armour         | |  0.7
Dodging        | |  0.7
Spellcasting   | |  2.1
Charms         | |  3.0

Action                   |  1- 3 |  4- 6 |  7- 9 || total
-------------------------+-------+-------+-------++-------
Melee: Spear             |   144 |   196 |    13 ||   353
       Bite              |    21 |    46 |     2 ||    69
 Cast: Spectral Weapon   |     1 |     8 |     1 ||    10
       Infusion          |     1 |       |       ||     1
 Stab: Sleeping          |     3 |     1 |       ||     4
  Eat: Chunk             |       |     6 |       ||     6
Armor: Leather armour    |    42 |    24 |     1 ||    67
Dodge: Dodged            |    78 |    72 |     6 ||   156
